 Dungeon Crawl Stone Soup version bcrawl-1.21.3-2-g9d8a61a446 (webtiles) character file.

Game seed: 7105309376015722957

21 MisterOstroum the Skirmisher (level 2, -1/26 HPs)
             Began as a Djinni Wanderer on Apr 16, 2020.
             Slain by a gnoll
             ... wielding a +0 spear
              (11 damage)
             ... on level 2 of the Dungeon.
             The game lasted 00:01:41 (1465 turns).

MisterOstroum the Skirmisher (Djinni Wanderer)      Turns: 1465, Time: 00:01:41

Health: -1/26      AC:  2    Str: 14    XL:     2   Next: 62%
Magic:  2/2        EV: 11    Int: 13    God:
Gold:   34         SH:  0    Dex: 11    Spells: 1/1 levels left

rFire    . . .     SeeInvis .     - Unarmed
rCold    . . .     Gourm    .   (no shield)
rNeg     . . .     Faith    .   d - +0 robe
rPois    .         Spirit   .   (no helmet)
rElec    .         Reflect  .   (no cloak)
rCorr    .         Harm     .   (no gloves)
MR       .....     Rnd*Rage +   (boots unavailable)
Stlth    +.........             (no amulet)
HPRegen  0.08/turn              (no ring)
MPRegen  0.08/turn              (no ring)

@: flying
A: never pass out, berserk 2, blurry vision 2, wild magic 1, MP-powered wands,
floating
a: no special abilities


You were on level 2 of the Dungeon.
You were hungry.

You visited 1 branch of the dungeon, and saw 2 of its levels.

You collected 34 gold pieces.

Inventory:

Hand Weapons
 a - a +0 mace
Missiles
 j - 149 stones (quivered)
Armour
 d - a +0 robe (worn)
Wands
 c - a wand of random effects (15)
Scrolls
 h - a scroll of noise {unknown}
 i - a scroll of fog {unknown}
 m - a scroll of enchant weapon {unknown}
 n - a scroll of fear {unknown}
Potions
 b - a potion of invisibility
 f - a potion of curing {unknown}
 g - a potion of haste {unknown}
 l - a potion of agility {unknown}
Comestibles
 e - 2 rations {!d}


   Skills:
 * Level 3.5 Fighting
   Level 1.0 Crossbows
 - Level 1.0 Throwing
 - Level 1.7 Armour
 - Level 3.0 Unarmed Combat
 - Level 1.2 Evocations


You had one spell level left.
You didn't know any spells.
Your spell library was empty.

Dungeon Overview and Level Annotations

Branches:
Dungeon (2/12)

Altars:


Innate Abilities, Weirdness & Mutations

You never pass out after going berserk.
You often lose your temper in combat.
Scrolls take you longer to read.
Your spells are a little harder to cast, but a little more powerful.
You expend magic power (3 MP) to strengthen your wands.
Your body floats in the air.


Message History

As your rage ends, you feel a sudden clarity.
You start resting.
You feel a little less clever now.
You start resting.
You are feeling hungry.
You feel yourself speed up.
You recover from your berserk rage.
HP restored.
A bat comes into view.
A bat is nearby!
A bat is nearby!
A bat is nearby!
A kobold comes into view.
The kobold shouts!
The bat hits the plant but does no damage.
The bat hits something but does no damage.
A gnoll comes into view. It is wielding a +0 spear.
A kobold comes into view.
It is wielding a +2 dagger of holy wrath.
The gnoll shouts!
The kobold shouts!
You hear a shout! x3
A quokka comes into view.
The bat hits you but does no damage. The kobold hits you.
A worm comes into view.
Found 109 arrows and a ration.
You barely miss the bat. The bat closely misses you.
The quokka bites you but does no damage.
The kobold closely misses you.
The gnoll hits you from afar with a +0 spear!
The kobold hits the plant with a +2 dagger of holy wrath.
A goblin comes into view.
The quokka barely misses you.
You barely miss the kobold. The bat barely misses you.
The kobold closely misses you.
The gnoll hits the plant but does no damage.
The gnoll hits you from afar with a +0 spear.
The kobold hits the plant but does no damage.
The bat hits you but does no damage. The quokka misses you.
You are too injured to fight recklessly!
You are too injured to fight recklessly!
You are too injured to fight recklessly!
You are too injured to fight recklessly!
You are too injured to fight recklessly!
You are too injured to fight recklessly!
You are too injured to fight recklessly!
You are too injured to fight recklessly!
You are too injured to fight recklessly!
You are too injured to fight recklessly!
The kobold hits the plant but does no damage.
Something hits the plant but does no damage.
The bat hits you but does no damage.
Something bites the plant but does no damage.
The bat misses you.
The kobold hits the plant but does no damage.
The gnoll hits the plant but does no damage.
The bat barely misses you.
The quokka bites the plant but does no damage.
The kobold hits the plant but does no damage.
The bat hits you but does no damage.
The quokka bites the plant but does no damage.
The kobold hits something.
The gnoll hits the plant but does no damage.
The gnoll hits something but does no damage.
The quokka bites the plant.
The kobold hits something.
The gnoll completely misses the plant.
The gnoll hits the plant with a +0 spear.
The bat barely misses you.
The quokka bites the plant but does no damage.
Unknown command.
The bat completely misses you. The bat closely misses you.
The bat closely misses you. The bat hits you but does no damage.
The bat closely misses you. The bat closely misses you.
The bat barely misses you. The bat hits you but does no damage.
The bat hits you but does no damage. x2
You hit the bat.
You kill the bat!
The gnoll misses you.
You see here a bat corpse.
The gnoll barely misses you.
You hit the gnoll but do no damage. The gnoll hits you with a +0 spear.
You hit the gnoll but do no damage. The gnoll hits you with a +0 spear.
You closely miss the gnoll. The gnoll hits you with a +0 spear.
You closely miss the gnoll. The gnoll barely misses you.
You hit the gnoll.
The gnoll is moderately wounded.
The gnoll barely misses you.
You closely miss the gnoll.
The gnoll is moderately wounded.
The gnoll barely misses you.
You hit the gnoll.
The gnoll is severely wounded.
The gnoll hits you but does no damage.
You closely miss the gnoll.
The gnoll is severely wounded.
The gnoll barely misses you.
You hit the gnoll but do no damage.
The gnoll is severely wounded.
The gnoll hits you with a +0 spear!
You die...

P.♣..P.g.w (.... .♣..♣ ♣♣.
.. P♣......Pg#.w.#§. P.P. P.
.. ..P ♣P.KKrP.P..PP♣♣.P.
.#.. ..♣♣♣Pg♣♣PP♣ §♣P. #h..
♣.PP♣P.P# ♣[P♣ #.#.
#.♣..♣.### ♣P.♣ #..K # #..#
#§.# ##..
#.###.##########.#########..
#........Kg@†............÷.>
#####################.######
#.# #.# #.###### #...÷...
########


You could see a gnoll and a kobold.

Vanquished Creatures
  A leopard gecko (D:1)
  A giant cockroach (D:1)
  3 hobgoblins
  3 jackals (D:2)
  A quokka (D:2)
  4 bats
  2 frilled lizards
  3 kobolds
18 creatures vanquished.

Notes
Turn   | Place    | Note
-------+----------+-------------------------------------------
     0 | D:1      | MisterOstroum the Djinni Wanderer began the quest for the
                  | Orb.
     0 | D:1      | MisterOstroum set off with the following items: a +0 mace,
                  | 2 potions of invisibility, a wand of random effects (15), a
                  | +0 robe, a ration {!d}
     0 | D:1      | Reached XP level 1. HP: 17/17 MP: 1/1
   643 | D:1      | Reached XP level 2. HP: 26/26 MP: 2/2
   997 | D:2      | HP: 1/26 [jackal (2)]
  1465 | D:2      | Slain by a gnoll

Skill      XL: |  1 |
---------------+----+-----
Fighting       | 3 |  3.5
Crossbows      | |  1.0
Throwing       | |  1.0
Armour         | |  1.7
Unarmed Combat | |  3.0
Evocations     | |  1.2

Action                   || total
-------------------------++-------
Melee: Unarmed           ||    87
       Mace              ||     1
  Use: Potion            ||     1
  Eat: Chunk             ||     1
Armor: Robe              ||    23
Dodge: Dodged            ||    79
